| TOP OF THE 1ST |
|
Hickory Crawdads batting - Pitching for Bowling Green Hot Rods : RHP Ryan Van Riper
|
|
Pitching: RHP Ryan Van Riper
|
|
|
Batting: RHB Aaron Moore
|
0-0: Foul Ball, location: 2F 0-1: Foul Ball, location: 2F 0-2: Ball 1-2: Ball 2-2: Ground out 3-1 (Groundball, 13, EV 83.8 MPH)
|
|
Batting: RHB Danny Weisse
|
0-0: Ball 1-0: Ball 2-0: Ball 3-0: Base on Balls
|
|
Batting: RHB Mike Thornton
|
0-0: Called Strike 0-1: Ball 1-1: Called Strike 1-2: Ball 2-2: Strikes out swinging
|
|
Batting: RHB Bill Turnbull
|
0-0: Called Strike 0-1: Called Strike 0-2: Foul Ball, location: 2F 0-2: Foul Ball, location: 2F 0-2: Strikes out looking
|
| Top of the 1st over - 0 runs, 0 hits, 0 errors, 1 left on base; Hickory 0 - Bowling Green 0 |
| BOTTOM OF THE 1ST |
|
Bowling Green Hot Rods batting - Pitching for Hickory Crawdads : RHP Jason Williams
|
|
Pitching: RHP Jason Williams
|
|
|
Batting: LHB Sean Banks
|
0-0: Ball 1-0: SINGLE (Flyball, 6MD, EV 93.8 MPH)
|
|
Batting: SHB Luis Verduzco
|
0-0: Called Strike 0-1: Called Strike 0-2: Ball 1-2: Foul Ball, location: 2F 1-2: Strikes out swinging
|
|
Batting: LHB Rocky Crowley
|
0-0: Called Strike Sean Banks steals 2nd base 0-1: Called Strike 0-2: Ball 1-2: Ball 2-2: Fly out, F9 (Flyball, 89M, EV 94.4 MPH)
|
|
Batting: RHB Dermott Kennelly
|
0-0: Called Strike 0-1: Fly out, F7 (Flyball, 7S, EV 75.0 MPH)
|
| Bottom of the 1st over - 0 runs, 1 hit, 0 errors, 1 left on base; Hickory 0 - Bowling Green 0 |
| TOP OF THE 2ND |
|
Hickory Crawdads batting - Pitching for Bowling Green Hot Rods : RHP Ryan Van Riper
|
|
Batting: RHB Danny Murillo
|
0-0: Foul Ball, location: 2F 0-1: Hit by Pitch
|
|
Batting: RHB Shoh Tanioka
|
0-0: Called Strike Danny Murillo steals 2nd base 0-1: Ball 1-1: Ball 2-1: Fly out, F8 (Flyball, 8RXD, EV 94.4 MPH) Runner from 2nd tags up, SAFE at 3rd, no throw by CF
|
|
Batting: RHB Darnell Jones
|
0-0: Foul Ball, location: 2F 0-1: Fly out, F6 (Popup, 6MS, EV 75.0 MPH)
|
|
Batting: RHB Zach Thomason
|
0-0: Called Strike 0-1: Swinging Strike 0-2: Ball 1-2: Ground out 6-3 (Groundball, 56D, EV 100.0 MPH)
|
| Top of the 2nd over - 0 runs, 0 hits, 0 errors, 1 left on base; Hickory 0 - Bowling Green 0 |
| BOTTOM OF THE 2ND |
|
Bowling Green Hot Rods batting - Pitching for Hickory Crawdads : RHP Jason Williams
|
|
Batting: RHB John Downing
|
0-0: Swinging Strike 0-1: Ball 1-1: Foul Ball, location: 2F 1-2: Strikes out swinging
|
|
Batting: RHB Tim Dower
|
0-0: Hit by Pitch
|
|
Batting: RHB Dave Valdez
|
0-0: SINGLE (Groundball, 56S, EV 75.0 MPH) (infield hit) Tim Dower to second
|
|
Batting: RHB Jesus Carrillo
|
0-0: Called Strike 0-1: Grounds into double play, 3-6-3 (Groundball, 34, EV 81.2 MPH)
|
| Bottom of the 2nd over - 0 runs, 1 hit, 0 errors, 1 left on base; Hickory 0 - Bowling Green 0 |
| TOP OF THE 3RD |
|
Hickory Crawdads batting - Pitching for Bowling Green Hot Rods : RHP Ryan Van Riper
|
|
Batting: RHB Edwin Soto
|
0-0: Swinging Strike 0-1: Called Strike 0-2: Ball 1-2: Ball 2-2: Foul Ball, location: 2F 2-2: Strikes out looking
|
|
Batting: RHB Aaron Moore
|
0-0: Ball 1-0: Called Strike 1-1: Fly out, F7 (Flyball, 7, EV 89.4 MPH)
|
|
Batting: RHB Danny Weisse
|
0-0: Foul Ball, location: 2F 0-1: Ball 1-1: Ball 2-1: SINGLE (Groundball, 6MD, EV 96.2 MPH)
|
|
Batting: RHB Mike Thornton
|
0-0: Ball 1-0: Called Strike 1-1: Swinging Strike 1-2: Ball 2-2: Foul Ball, location: 2F 2-2: Ground out 4-3 (Groundball, 4, EV 80.6 MPH)
|
| Top of the 3rd over - 0 runs, 1 hit, 0 errors, 1 left on base; Hickory 0 - Bowling Green 0 |
| BOTTOM OF THE 3RD |
|
Bowling Green Hot Rods batting - Pitching for Hickory Crawdads : RHP Jason Williams
|
|
Batting: LHB Eduardo Lopez
|
0-0: Ball 1-0: Reached on error, E4 (Groundball, 4, EV 104.4 MPH)
|
|
Batting: LHB Sean Banks
|
0-0: Ball 1-0: Fly out, F8 (Line Drive, 8RM, EV 94.4 MPH)
|
|
Batting: SHB Luis Verduzco
|
0-0: Swinging Strike 0-1: Ball 1-1: Foul Ball, location: 2F 1-2: Ball 2-2: Fly out, F7 (Flyball, 7, EV 91.9 MPH)
|
|
Batting: LHB Rocky Crowley
|
Pickoff Throw to First - Error! E1 Eduardo Lopez to second 0-0: Ball 1-0: Foul Ball, location: 2F 1-1: Swinging Strike 1-2: Fly out, F9 (Flyball, 89S, EV 85.6 MPH)
|
| Bottom of the 3rd over - 0 runs, 0 hits, 2 errors, 1 left on base; Hickory 0 - Bowling Green 0 |
| TOP OF THE 4TH |
|
Hickory Crawdads batting - Pitching for Bowling Green Hot Rods : RHP Ryan Van Riper
|
|
Batting: RHB Bill Turnbull
|
0-0: Ball 1-0: Foul Ball, location: 2F 1-1: Ball 2-1: Ball 3-1: Base on Balls
|
|
Batting: RHB Danny Murillo
|
0-0: Ball 1-0: Ball 2-0: Ball 3-0: Called Strike 3-1: Fly out, F8 (Flyball, 8RD, EV 97.5 MPH)
|
|
Batting: RHB Shoh Tanioka
|
0-0: Ball 1-0: Swinging Strike 1-1: Foul Ball, location: 2F 1-2: Foul Ball, location: 2F 1-2: Strikes out looking
|
|
Batting: RHB Darnell Jones
|
0-0: Ball 1-0: Ball Bill Turnbull steals 2nd base 2-0: Ground out 4-3 (Groundball, 4, EV 84.4 MPH)
|
| Top of the 4th over - 0 runs, 0 hits, 0 errors, 1 left on base; Hickory 0 - Bowling Green 0 |
| BOTTOM OF THE 4TH |
|
Bowling Green Hot Rods batting - Pitching for Hickory Crawdads : RHP Jason Williams
|
|
Batting: RHB Dermott Kennelly
|
0-0: Ball 1-0: Swinging Strike 1-1: Ground out 6-3 (Groundball, P, EV 86.2 MPH)
|
|
Batting: RHB John Downing
|
0-0: Called Strike 0-1: Swinging Strike 0-2: Strikes out swinging
|
|
Batting: RHB Tim Dower
|
0-0: Swinging Strike 0-1: Ball 1-1: Ball 2-1: Foul Ball, location: 2F 2-2: Ball 3-2: Strikes out swinging
|
| Bottom of the 4th over - 0 runs, 0 hits, 0 errors, 0 left on base; Hickory 0 - Bowling Green 0 |
| TOP OF THE 5TH |
|
Hickory Crawdads batting - Pitching for Bowling Green Hot Rods : RHP Ryan Van Riper
|
|
Batting: RHB Zach Thomason
|
0-0: Swinging Strike 0-1: Called Strike 0-2: Ball 1-2: Strikes out looking
|
|
Batting: RHB Edwin Soto
|
0-0: Ball 1-0: Ball 2-0: Foul Ball, location: 2F 2-1: Ball 3-1: Foul Ball, location: 2F 3-2: Foul Ball, location: 2F 3-2: Base on Balls
|
|
Batting: RHB Aaron Moore
|
0-0: Called Strike 0-1: Ball Edwin Soto steals 2nd base 1-1: Foul Ball, location: 2F 1-2: Strikes out swinging
|
|
Batting: RHB Danny Weisse
|
0-0: Swinging Strike 0-1: Ball 1-1: Fly out, F9 (Flyball, 9, EV 87.5 MPH)
|
| Top of the 5th over - 0 runs, 0 hits, 0 errors, 1 left on base; Hickory 0 - Bowling Green 0 |
| BOTTOM OF THE 5TH |
|
Bowling Green Hot Rods batting - Pitching for Hickory Crawdads : RHP Jason Williams
|
|
Batting: RHB Dave Valdez
|
0-0: Ball 1-0: Fly out, F8 (Flyball, 8LD, EV 91.2 MPH)
|
|
Batting: RHB Jesus Carrillo
|
0-0: Foul Ball, location: 2F 0-1: Ball 1-1: Ball 2-1: Ball 3-1: Foul Ball, location: 2F 3-2: Strikes out swinging
|
|
Batting: LHB Eduardo Lopez
|
0-0: Called Strike 0-1: DOUBLE (Line Drive, 89D, EV 108.8 MPH)
|
|
Batting: LHB Sean Banks
|
0-0: Foul Ball, location: 2F 0-1: Ball 1-1: Foul Ball, location: 2F 1-2: Foul Ball, location: 2F 1-2: Foul Ball, location: 2F 1-2: Ball 2-2: Fly out, F7 (Flyball, 7, EV 81.9 MPH)
|
| Bottom of the 5th over - 0 runs, 1 hit, 0 errors, 1 left on base; Hickory 0 - Bowling Green 0 |
| TOP OF THE 6TH |
|
Hickory Crawdads batting - Pitching for Bowling Green Hot Rods : RHP Ryan Van Riper
|
|
Batting: RHB Mike Thornton
|
0-0: Foul Ball, location: 2F 0-1: Ball 1-1: Ball 2-1: Ball 3-1: Foul Ball, location: 2F 3-2: Base on Balls
|
|
Batting: RHB Bill Turnbull
|
0-0: Ball 1-0: Called Strike 1-1: Fielders Choice at 2nd, 6-4 (Groundball, 6, EV 87.5 MPH)
|
|
Batting: RHB Danny Murillo
|
0-0: Called Strike Bill Turnbull steals 2nd base 0-1: Ball 1-1: Ball 2-1: Ball 3-1: Single, Error in OF, E8, batter to second base (Groundball, 6D, EV 97.5 MPH) Bill Turnbull scores
|
|
Pitching: RHP Josh O'Neal
|
|
|
Batting: RHB Shoh Tanioka
|
0-0: Ball 1-0: Ball Danny Murillo steals 3rd base 2-0: Foul Ball, location: 2F 2-1: Swinging Strike 2-2: Foul Ball, location: 2F 2-2: Strikes out swinging
|
|
Batting: RHB Darnell Jones
|
0-0: Ball 1-0: Ball 2-0: Called Strike 2-1: Foul Ball, location: 2F 2-2: DOUBLE (Line Drive, 9LM, EV 105.0 MPH) Danny Murillo scores
|
|
Batting: RHB Zach Thomason
|
0-0: Called Strike 0-1: Called Strike 0-2: Strikes out swinging
|
| Top of the 6th over - 2 runs, 2 hits, 1 error, 1 left on base; Hickory 2 - Bowling Green 0 |
| BOTTOM OF THE 6TH |
|
Bowling Green Hot Rods batting - Pitching for Hickory Crawdads : RHP Jason Williams
|
|
Batting: SHB Luis Verduzco
|
0-0: Called Strike 0-1: Ball 1-1: Ball 2-1: Ground out 4-3 (Groundball, 4MD, EV 90.0 MPH)
|
|
Batting: LHB Rocky Crowley
|
0-0: TRIPLE (Flyball, 89XD, EV 98.8 MPH)
|
|
Batting: RHB Dermott Kennelly
|
0-0: Ball 1-0: Swinging Strike 1-1: Called Strike 1-2: Strikes out swinging
|
|
Batting: RHB John Downing
|
0-0: Ball 1-0: Ball 2-0: Foul Ball, location: 2F 2-1: Swinging Strike 2-2: Foul Ball, location: 2F 2-2: Strikes out swinging
|
| Bottom of the 6th over - 0 runs, 1 hit, 0 errors, 1 left on base; Hickory 2 - Bowling Green 0 |
| TOP OF THE 7TH |
|
Hickory Crawdads batting - Pitching for Bowling Green Hot Rods : RHP Josh O'Neal
|
|
Batting: RHB Edwin Soto
|
0-0: Ball 1-0: Foul Ball, location: 2F 1-1: Called Strike 1-2: Ball 2-2: SINGLE (Groundball, 34D, EV 96.9 MPH)
|
|
Batting: RHB Aaron Moore
|
0-0: Ball Edwin Soto steals 2nd base 1-0: Fly out, F8 (Flyball, 8LD, EV 93.8 MPH)
|
|
Batting: RHB Danny Weisse
|
0-0: Ball Edwin Soto steals 3rd base 1-0: Ball 2-0: Ball 3-0: Called Strike 3-1: Base on Balls
|
|
Batting: LHB Alfonso Collazo
|
0-0: Ball 1-0: Called Strike Danny Weisse steals 2nd base 1-1: Ball 2-1: Ball 3-1: Base on Balls
|
|
Batting: RHB Bill Turnbull
|
0-0: Foul Ball, location: 2F 0-1: Grounds into fielders choice 4-2 (Groundball, 4, EV 90.0 MPH) Danny Weisse to third Alfonso Collazo to second
|
|
Pitching: LHP Tim Pulliam
|
|
|
Batting: RHB Danny Murillo
|
0-0: SINGLE (Groundball, 6MD, EV 110.0 MPH) Danny Weisse scores Alfonso Collazo to third Bill Turnbull to second Runner from 3rd tries for Home, SAFE, throw by CF to home
|
|
Batting: RHB Shoh Tanioka
|
0-0: Ball 1-0: Called Strike 1-1: Fly out, F4 (Popup, 4S, EV 76.9 MPH)
|
| Top of the 7th over - 2 runs, 2 hits, 0 errors, 2 left on base; Hickory 4 - Bowling Green 0 |
| BOTTOM OF THE 7TH |
|
Bowling Green Hot Rods batting - Pitching for Hickory Crawdads : RHP Jason Williams
|
|
Batting: RHB Tim Dower
|
0-0: Ball 1-0: Ground out 5-3 (Groundball, 56S, EV 83.1 MPH)
|
|
Batting: RHB Dave Valdez
|
0-0: Called Strike 0-1: Swinging Strike 0-2: Ball 1-2: Ball 2-2: Ground out 6-3 (Groundball, 6, EV 88.1 MPH)
|
|
Batting: RHB Jesus Carrillo
|
0-0: Swinging Strike 0-1: Swinging Strike 0-2: Strikes out swinging
|
| Bottom of the 7th over - 0 runs, 0 hits, 0 errors, 0 left on base; Hickory 4 - Bowling Green 0 |
| TOP OF THE 8TH |
|
Hickory Crawdads batting - Pitching for Bowling Green Hot Rods : LHP Tim Pulliam
|
|
Batting: RHB Darnell Jones
|
0-0: Ball 1-0: Fly out, F9 (Flyball, 9LS, EV 90.0 MPH)
|
|
Batting: RHB Zach Thomason
|
0-0: Called Strike 0-1: Foul Ball, location: 2F 0-2: Strikes out swinging
|
|
Batting: RHB Edwin Soto
|
0-0: Ball 1-0: Called Strike 1-1: Called Strike 1-2: Ball 2-2: Foul Ball, location: 2F 2-2: Ball 3-2: Base on Balls
|
|
Batting: RHB Aaron Moore
|
0-0: Ball 1-0: Ball 2-0: Called Strike 2-1: Foul Ball, location: 2F 2-2: Foul Ball, location: 2F 2-2: Strikes out looking
|
| Top of the 8th over - 0 runs, 0 hits, 0 errors, 1 left on base; Hickory 4 - Bowling Green 0 |
| BOTTOM OF THE 8TH |
|
Bowling Green Hot Rods batting - Pitching for Hickory Crawdads : RHP Jason Williams
|
|
Batting: LHB Eduardo Lopez
|
0-0: Swinging Strike 0-1: Called Strike 0-2: Strikes out swinging
|
|
Batting: LHB Sean Banks
|
0-0: Called Strike 0-1: Ball 1-1: Ball 2-1: Called Strike 2-2: Strikes out swinging
|
|
Batting: SHB Luis Verduzco
|
0-0: Foul Ball, location: 2F 0-1: DOUBLE (Flyball, 8RXD, EV 99.4 MPH)
|
|
Batting: LHB Rocky Crowley
|
0-0: SINGLE (Groundball, 34D, EV 95.6 MPH) Luis Verduzco to third Runner from 3rd tries for Home, throw by RF and OUT! 9-2
|
| Bottom of the 8th over - 0 runs, 2 hits, 0 errors, 1 left on base; Hickory 4 - Bowling Green 0 |
| TOP OF THE 9TH |
|
Hickory Crawdads batting - Pitching for Bowling Green Hot Rods : LHP Tim Pulliam
|
|
Pitching: RHP Andres Morales
|
|
|
Batting: RHB Danny Weisse
|
0-0: Foul Ball, location: 2F 0-1: Fly out, F8 (Flyball, 8RD, EV 99.4 MPH)
|
|
Batting: LHB Alfonso Collazo
|
0-0: Ball 1-0: Fly out, F4 (Line Drive, 34, EV 93.1 MPH)
|
|
Batting: RHB Bill Turnbull
|
0-0: Ball 1-0: Called Strike 1-1: Ball 2-1: Swinging Strike 2-2: Strikes out swinging, 2-3 out at first.
|
| Top of the 9th over - 0 runs, 0 hits, 0 errors, 0 left on base; Hickory 4 - Bowling Green 0 |
| BOTTOM OF THE 9TH |
|
Bowling Green Hot Rods batting - Pitching for Hickory Crawdads : RHP Jason Williams
|
|
Batting: RHB Dermott Kennelly
|
0-0: Ball 1-0: Ground out 4-3 (Groundball, 4, EV 76.9 MPH)
|
|
Batting: RHB John Downing
|
0-0: Called Strike 0-1: Foul Ball, location: 2F 0-2: Foul Ball, location: 2F 0-2: SOLO HOME RUN (Flyball, 7LD, EV 95.6 MPH), Distance : 379 ft
|
|
Batting: RHB Tim Dower
|
0-0: Called Strike 0-1: Ball 1-1: Ground out 5-3 (Groundball, 56, EV 84.4 MPH)
|
|
Pitching: LHP Harry Tuckfard
|
|
|
Batting: RHB Dave Valdez
|
0-0: Called Strike 0-1: Ball 1-1: Called Strike 1-2: Foul Ball, location: 2F 1-2: Foul Ball, location: 2F 1-2: Ground out 6-3 (Groundball, 6S, EV 91.2 MPH)
|
| Bottom of the 9th over - 1 run, 1 hit, 0 errors, 0 left on base; Hickory 4 - Bowling Green 1 |
|